[Event "Titled Tuesday Blitz August 16 Early 2022"]
[White "Pourkashiyan, Atousa"]
[Black "Dushyant Sharma"]
[WhiteFideId "12502014"]
[BlackFideId "25065130"]
[WhiteElo "2247"]
[BlackElo "2133"]
[Result "0-1"]
[Round "08"]
[TimeControl "180+2"]
[Date "2022.08.18"]
[WhiteClock "0:00:00"]
[BlackClock "0:00:00"]

1. e4 d5 2. exd5 Nf6 3. Bb5+ c6 4. dxc6 Nxc6 5. Nf3 Bg4 6. O-O e6 7. Nc3 Bd6 8. h3 Bh5 9. d4 O-O 10. Be2 Bxf3 11. Bxf3 Nxd4 12. Bxb7 Rb8 13. Bf3 h6 14. Kh1 Be5 15. Re1 Qa5 16. Bd2 Nxf3 17. Qxf3 Rfd8 18. Ne4 Qd5 19. Nxf6+ Bxf6 20. Qxd5 Rxd5 21. Bc3 Bxc3 22. bxc3 Rb2 23. Re2 Rc5 24. a4 Rxc3 25. a5 a6 26. Kg1 Rcxc2 27. Rxc2 Rxc2 28. g3 Rc5 29. Kf1 f5 30. Ke2 e5 31. h4 Kf7 32. Kd3 Kf6 33. Ra4 g5 34. hxg5+ hxg5 35. Ke3 Ke6 36. f3 Kd5 37. g4 f4+ 38. Kd3 Rb5 39. Ra3 Kc5 40. Ke4 Kb4 41. Ra1 Rxa5 42. Rb1+ Kc3 43. Rb8 Kd2 44. Rg8 Ke2 45. Rxg5 Ra4+ 46. Kxe5 Kxf3 47. Rg8 Ra5+ 48. Kf6 Rb5 49. g5 Kg4 50. g6 f3 51. Rf8 Rf5+ 52. Kg7 Rxf8 53. Kxf8 f2 54. g7 f1=Q+ 55. Ke7 Qc4 0-1


[Site "https://www.chess.com"]

[Event "Titled Tuesday Blitz August 16 Early 2022"]
[White "Proudian, Armen"]
[Black "Tica, Sven"]
[WhiteFideId "2130734"]
[BlackFideId "14526948"]
[WhiteElo "2380"]
[BlackElo "2350"]
[Result "0-1"]
[Round "08"]
[TimeControl "180+2"]
[Date "2022.08.18"]
[WhiteClock "0:00:00"]
[BlackClock "0:00:00"]

1. e4 g6 2. d4 Bg7 3. Nc3 a6 4. Be3 b5 5. Qd2 Bb7 6. f3 d6 7. h4 h5 8. Nh3 Nd7 9. Ng5 Rc8 10. a4 b4 11. Ne2 c5 12. c3 bxc3 13. bxc3 c4 14. Nf4 Qa5 15. g4 hxg4 16. fxg4 Ngf6 17. Bg2 Nxg4 18. Nxf7 Kxf7 19. O-O Kg8 20. Nxg6 Rh5 21. Nxe7+ Kh8 22. Nxc8 Bxc8 23. Rf7 Nxe3 24. Qxe3 Qd8 25. Qg3 Qg8 26. Raf1 Bxd4+ 27. Kh2 Be5 28. R7f4 Qxg3+ 29. Kxg3 Kg7 30. Rf3 Nc5 31. Kf2 Bxf4 32. Rxf4 Nd3+ 33. Ke3 Nxf4 34. Kxf4 Rxh4+ 35. Ke3 Kf6 36. Kd4 Be6 37. a5 d5 38. Bf3 dxe4 39. Be2 Ke7 40. Ke5 e3 41. Bg4 Bxg4 42. Kd4 e2 43. Ke5 e1=Q+ 44. Kd5 Be6+ 45. Kc5 Rh5+ 46. Kb4 Qb1+ 47. Ka3 Rxa5# 0-1


[Site "https://www.chess.com"]

[Event "Titled Tuesday Blitz August 16 Early 2022"]
[White "Przybylski, Wojciech"]
[Black "Barp, Alberto"]
[WhiteFideId "1117599"]
[BlackFideId "872555"]
[WhiteElo "2321"]
[BlackElo "2426"]
[Result "1-0"]
[Round "08"]
[TimeControl "180+2"]
[Date "2022.08.18"]
[WhiteClock "0:00:00"]
[BlackClock "0:00:00"]

1. e4 c5 2. Nf3 a6 3. c4 Nc6 4. Nc3 e5 5. g3 g6 6. Bg2 Bg7 7. O-O Nge7 8. Nd5 O-O 9. d3 d6 10. h3 Rb8 11. a4 h6 12. Kh2 Kh7 13. b3 f5 14. Bd2 Be6 15. Ng1 Nd4 16. Ne2 fxe4 17. Nxd4 exd4 18. Nxe7 Qxe7 19. Bxe4 Qd7 20. h4 Bg4 21. f3 Bf5 22. Qe2 Rbe8 23. Rae1 h5 24. Qg2 Bh3 25. Qxh3 1-0


[Site "https://www.chess.com"]

[Event "Titled Tuesday Blitz August 16 Early 2022"]
[White "Qashashvili, Alexandre"]
[Black "Novikova, Galina"]
[WhiteFideId "13600842"]
[BlackFideId "4157095"]
[WhiteElo "2316"]
[BlackElo "1923"]
[Result "0-1"]
[Round "08"]
[TimeControl "180+2"]
[Date "2022.08.18"]
[WhiteClock "0:00:00"]
[BlackClock "0:00:00"]

1. e4 e6 2. d4 d5 3. Nc3 Bb4 4. exd5 exd5 5. Bd2 Ne7 6. Nf3 c6 7. Be2 O-O 8. Ne5 Bf5 9. O-O Nd7 10. Bg4 Nxe5 11. Bxf5 Nxf5 12. dxe5 d4 13. Ne4 Bxd2 14. Qxd2 Qd5 15. Qf4 Ne7 16. Nf6+ gxf6 17. exf6 Qf5 18. Qxd4 Nd5 19. c4 Nxf6 20. h3 c5 21. Qe3 Rfe8 22. Qg3+ Kh8 23. Qc7 Rg8 24. Qxf7 Qg6 25. Qxb7 Ne4 26. Rae1 Qxg2# 0-1


[Site "https://www.chess.com"]

[Event "Titled Tuesday Blitz August 16 Early 2022"]
[White "Rostovtsev, Dmitry"]
[Black "Namitbir Singh Walia"]
[WhiteFideId "34278320"]
[BlackFideId "35071068"]
[WhiteElo "2295"]
[BlackElo "1664"]
[Result "1-0"]
[Round "08"]
[TimeControl "180+2"]
[Date "2022.08.18"]
[WhiteClock "0:00:00"]
[BlackClock "0:00:00"]

1. e4 c5 2. Nf3 Nc6 3. Bb5 g6 4. O-O Bg7 5. Re1 Nd4 6. Nxd4 cxd4 7. c3 Qb6 8. Bf1 d6 9. Na3 Bd7 10. Nc4 Qc7 11. cxd4 Bxd4 12. d3 b5 13. Ne3 Qb6 14. Qe2 Rc8 15. Nd5 Qb7 16. Bg5 h6 17. Bh4 g5 18. Bg3 Nf6 19. Nxf6+ Bxf6 20. e5 dxe5 21. Bxe5 O-O 22. d4 Bf5 23. Bxf6 exf6 24. Qxb5 Qxb5 25. Bxb5 Rc2 26. b3 Rd8 27. Red1 Bg4 28. f3 Be6 29. Bd3 Rb2 30. Be4 f5 31. Bc6 Bd5 32. Bxd5 Rxd5 33. Rac1 Rxa2 34. Rc5 Rd6 35. Rxf5 Rb2 36. Rd3 Ra6 37. Rd1 Raa2 38. g4 Rg2+ 39. Kf1 Rxh2 40. Kg1 Rag2+ 41. Kf1 Rb2 42. Kg1 Rhg2+ 43. Kf1 Rgc2 44. d5 Rh2 45. Kg1 Kg7 46. d6 Rbg2+ 47. Kf1 Rh1+ 48. Kxg2 Rxd1 49. Ra5 Rxd6 50. Rxa7 Rd2+ 51. Kg3 Rb2 52. Rb7 Kg6 53. b4 f6 54. b5 h5 55. gxh5+ Kxh5 56. b6 Kg6 57. Rb8 Kf5 58. b7 Rb3 59. Kg2 Kf4 60. Rf8 Rb2+ 61. Kh3 Rxb7 62. Rxf6+ Ke5 63. Rf8 Rb4 64. Kg3 Ra4 65. Rf7 Rb4 66. Rf8 Ra4 67. Kh3 Ke6 68. Kg3 Rb4 69. Kf2 Rb3 70. Kg3 Rb4 71. Kg2 Ke5 72. Kf2 Rf4 73. Re8+ Kf5 74. Kg3 Ra4 75. Rb8 Kg6 76. Rb5 Kh5 77. Rc5 Ra1 78. f4 Rg1+ 79. Kf2 Rg4 80. f5 Rf4+ 81. Kg3 Rf1 82. Rd5 Ra1 83. Kf3 Ra3+ 84. Ke4 Kg4 85. Ke5 Re3+ 86. Kf6 Rf3 87. Kg6 Kh4 88. f6 g4 89. Rh5+ Kg3 90. Rf5 Kh2 91. f7 Rxf5 92. Kxf5 g3 93. f8=Q g2 94. Qh6+ Kg1 95. Qe3+ Kh1 96. Qh3+ Kg1 97. Ke4 Kf2 98. Qf3+ Kg1 99. Ke3 Kh2 100. Qh5+ Kg3 101. Qg5+ Kh2 102. Kf2 1-0


[Site "https://www.chess.com"]

[Event "Titled Tuesday Blitz August 16 Early 2022"]
[White "Salman, Pavel"]
[Black "Samarth, J Rao"]
[WhiteFideId "24153753"]
[BlackFideId "46652370"]
[WhiteElo "2143"]
[BlackElo "1514"]
[Result "1-0"]
[Round "08"]
[TimeControl "180+2"]
[Date "2022.08.18"]
[WhiteClock "0:00:00"]
[BlackClock "0:00:00"]

1. Nf3 d5 2. g3 Nf6 3. Bg2 e6 4. O-O Be7 5. d3 O-O 6. Nbd2 c5 7. e4 Qc7 8. Re1 dxe4 9. dxe4 Rd8 10. c3 e5 11. Qc2 Nc6 12. Nc4 Be6 13. Ne3 Rac8 14. Ng5 Bd7 15. Nd5 Nxd5 16. exd5 Bxg5 17. dxc6 Bxc6 18. Bxg5 f6 19. Be3 Bxg2 20. Kxg2 Qc6+ 21. f3 c4 22. Rad1 g5 23. Qe4 Qxe4 24. fxe4 a6 25. Kf3 b5 26. Ke2 Kf7 27. Bb6 Rxd1 28. Rxd1 Ke6 29. g4 h5 30. Kf3 hxg4+ 31. Kxg4 Rh8 32. Rd2 Rh4+ 33. Kf3 Rh3+ 34. Kg2 Rh4 35. Re2 Rg4+ 36. Kf2 Rf4+ 37. Ke3 Rf1 38. Bd8 g4 39. Rf2 Re1+ 40. Kd2 Rxe4 41. Rxf6+ Kd7 42. Bb6 Rf4 43. Rxf4 exf4 44. Ke2 Ke6 45. Bc7 Kf5 46. Kf2 Ke4 47. Bb8 Kf5 48. Kg2 Ke4 49. Bd6 Ke3 50. a3 a5 51. Bc7 a4 52. Bd6 Ke4 53. Bb8 Ke3 54. Bc7 Ke4 55. h4 gxh3+ 56. Kxh3 Kf3 57. Bd6 Ke3 58. Kg2 Ke2 59. Bxf4 1-0


[Site "https://www.chess.com"]

[Event "Titled Tuesday Blitz August 16 Early 2022"]
[White "Santeramo, Alessia Carmen"]
[Black "Delorme, Axel"]
[WhiteFideId "850810"]
[BlackFideId "632023"]
[WhiteElo "2041"]
[BlackElo "2474"]
[Result "0-1"]
[Round "08"]
[TimeControl "180+2"]
[Date "2022.08.18"]
[WhiteClock "0:00:00"]
[BlackClock "0:00:00"]

1. e4 c6 2. d4 d5 3. e5 c5 4. c3 Nc6 5. Ne2 Bg4 6. h3 Bxe2 7. Bxe2 Qb6 8. dxc5 Qxc5 9. e6 fxe6 10. O-O Nf6 11. Be3 Qd6 12. Na3 e5 13. Qb3 Qd7 14. Rad1 e6 15. Bg5 Be7 16. Bxf6 Bxf6 17. Bg4 Rd8 18. c4 Nd4 19. Qe3 h5 20. Bf3 Nxf3+ 21. Qxf3 e4 22. Qg3 Kf7 23. cxd5 exd5 24. b3 Qd6 25. Qe3 Qxa3 26. Rc1 Rd7 27. Qf4 Qd6 28. Qf5 Qe6 29. Qf4 Qe5 30. Qe3 b6 31. Qe2 d4 32. Qc4+ Qd5 33. Qa4 Re8 34. Rfd1 Rde7 35. Rc4 d3 36. Qb4 e3 37. fxe3 Rxe3 38. Qa4 Re1+ 39. Rxe1 Rxe1+ 40. Kh2 Be5+ 41. Rf4+ Bxf4+ 42. Qxf4+ Kg8 43. Qb8+ Kh7 44. Qg3 Qe5 45. Qxe5 Rxe5 0-1


[Site "https://www.chess.com"]

[Event "Titled Tuesday Blitz August 16 Early 2022"]
[White "Santos Ruiz, Miguel"]
[Black "Gubajdullin, Alexei"]
[WhiteFideId "22291482"]
[BlackFideId "4141202"]
[WhiteElo "2478"]
[BlackElo "2214"]
[Result "1/2-1/2"]
[Round "08"]
[TimeControl "180+1"]
[Date "2022.08.16"]
[WhiteClock "0:00:12"]
[BlackClock "0:00:18"]

1. e4 c6 2. d4 d5 3. exd5 cxd5 4. Nf3 Nf6 5. c3 g6 6. Bd3 Bg7 7. O-O O-O 8. Bf4 Nc6 9. Nbd2 Bf5 10. Bxf5 gxf5 11. Re1 Ne4 12. g3 f6 13. Qb3 e5 14. Be3 Qd7 15. Rad1 f4 16. Nxe4 fxe3 17. Rxe3 Na5 18. Nc5 Qc6 19. Qc2 b6 20. Nb3 Nc4 21. Re2 e4 22. Nh4 f5 23. Ng2 Bh6 24. Kh1 Kh8 25. Rg1 Qg6 26. Nc1 Qh5 27. Ree1 f4 28. gxf4 Bxf4 29. Nxf4 Rxf4 30. Rg2 Raf8 31. Reg1 e3 32. Nd3 exf2 33. Nxf2 Ne3 34. Qd2 Nxg2 35. Rxg2 Qf3 36. Kg1 Re4 37. h3 Re2 38. Qg5 Re1+ 39. Kh2 Qf4+ 40. Qxf4 Rxf4 41. Nd3 Rfe4 42. Nxe1 Rxe1 43. Kg3 Kg7 44. Kf2+ Kf6 45. Kxe1 Kf5 46. Kf2 Kf4 47. Rg3 Ke4 48. Re3+ Kf4 49. Re5 h5 50. Rxh5 b5 51. Rxd5 b4 52. cxb4 a5 53. Rxa5 Ke4 54. Rc5 Kxd4 55. a4 Ke4 56. a5 Kf4 57. a6 Ke4 58. a7 Kf4 59. a8=Q 1/2-1/2


[Site "https://www.chess.com"]

[Event "Titled Tuesday Blitz August 16 Early 2022"]
[White "Sargissyan, Sargis"]
[Black "Sanchez, Robert"]
[WhiteFideId "13303210"]
[BlackFideId "2034360"]
[WhiteElo "2209"]
[BlackElo "1966"]
[Result "0-1"]
[Round "08"]
[TimeControl "180+2"]
[Date "2022.08.18"]
[WhiteClock "0:00:00"]
[BlackClock "0:00:00"]

1. e4 e5 2. Nf3 Nc6 3. Ba6 bxa6 4. O-O Nf6 5. d4 d6 6. d5 Ne7 7. Nc3 Ng6 8. Ne1 Be7 9. Nd3 O-O 10. f4 Nxf4 11. Nxf4 exf4 12. Bxf4 a5 13. Qf3 Rb8 14. b3 Nd7 15. Rae1 Ne5 16. Qe3 Ba6 17. Rf2 Ng4 18. Qd2 Nxf2 19. Qxf2 Bh4 20. g3 Bf6 21. Na4 Bb5 0-1


[Site "https://www.chess.com"]

[Event "Titled Tuesday Blitz August 16 Early 2022"]
[White "Schut, Han"]
[Black "Balabayeva, Xeniya"]
[WhiteFideId "1005561"]
[BlackFideId "13719688"]
[WhiteElo "2024"]
[BlackElo "1895"]
[Result "0-1"]
[Round "08"]
[TimeControl "180+2"]
[Date "2022.08.18"]
[WhiteClock "0:00:00"]
[BlackClock "0:00:00"]

1. e4 c6 2. d4 d5 3. e5 Bf5 4. Nf3 e6 5. Be2 h6 6. O-O Ne7 7. Re1 Bh7 8. c3 Nd7 9. Nbd2 Nf5 10. Nf1 Be7 11. Ng3 g5 12. Nxf5 Bxf5 13. Bd3 Nf8 14. c4 Bxd3 15. Qxd3 dxc4 16. Qxc4 Qd5 17. Qxd5 exd5 18. Be3 Ne6 19. Rac1 Kd7 20. Nd2 Rac8 21. a3 a5 22. Red1 Rhd8 23. h4 a4 24. hxg5 hxg5 25. Nb1 b5 26. Kf1 b4 27. axb4 Bxb4 28. Ke2 Ra8 29. Rh1 Rdb8 30. Rh7 Ke7 31. Rch1 Ba5 32. Nd2 Rxb2 33. Kd3 a3 34. Ra1 a2 35. Nf3 Bb4 36. Nxg5 Ra3# 0-1


[Site "https://www.chess.com"]

[Event "Titled Tuesday Blitz August 16 Early 2022"]
[White "Senthil Maran K"]
[Black "Shimanov, Aleksandr"]
[WhiteFideId "25035681"]
[BlackFideId "4198603"]
[WhiteElo "2124"]
[BlackElo "2605"]
[Result "0-1"]
[Round "08"]
[TimeControl "180+1"]
[Date "2022.08.16"]
[WhiteClock "0:00:04"]
[BlackClock "0:00:09"]

1. g3 g6 2. Nf3 Bg7 3. d4 Nf6 4. Bg2 O-O 5. c4 d6 6. O-O Nc6 7. Nc3 e5 8. dxe5 dxe5 9. Bg5 h6 10. Qxd8 Rxd8 11. Bxf6 Bxf6 12. Nd5 Kg7 13. Nd2 e4 14. Nxe4 Bxb2 15. Rab1 Ba3 16. Nxc7 Rb8 17. Nb5 Be7 18. Rbd1 Be6 19. Nbd6 Na5 20. c5 b6 21. a4 bxc5 22. Nb5 Bb3 23. Rxd8 Rxd8 24. Nxa7 Bxa4 25. Ra1 Rd1+ 26. Rxd1 Bxd1 27. Nc3 Bc2 28. Nab5 c4 29. Bd5 Bb3 30. f4 Bc5+ 31. Kg2 Bb4 32. e4 Bc2 33. e5 Bd3 34. Kf3 Nb3 35. Be4 Nd2+ 36. Ke3 Nxe4 37. Nxe4 Bc2 38. Nbc3 Bd3 39. Kd4 Ba5 40. Nd6 Bb6+ 41. Kd5 Bg1 42. Nxc4 Bxh2 43. e6 fxe6+ 44. Kd4 Bxc4 45. Kxc4 Bxg3 46. Ne2 Bf2 47. Kd3 Kf6 48. Ke4 Bb6 49. Kf3 Bc7 50. Kg4 e5 51. fxe5+ Bxe5 52. Ng1 h5+ 53. Kh4 Bd4 54. Nh3 Be3 55. Kg3 Kf5 56. Kf3 Bd4 57. Ke2 Kg4 0-1


[Site "https://www.chess.com"]

[Event "Titled Tuesday Blitz August 16 Early 2022"]
[White "Sharapov, Evgeny"]
[Black "Melikyan, Gnel"]
[WhiteFideId "14103133"]
[BlackFideId "54109990"]
[WhiteElo "2375"]
[BlackElo "2238"]
[Result "1/2-1/2"]
[Round "08"]
[TimeControl "180+2"]
[Date "2022.08.18"]
[WhiteClock "0:00:00"]
[BlackClock "0:00:00"]

1. e4 e5 2. Nf3 Nc6 3. Nc3 Nf6 4. Bb5 Bb4 5. O-O O-O 6. Bxc6 dxc6 7. Nxe5 Bxc3 8. dxc3 Qxd1 9. Rxd1 Nxe4 10. f3 Nd6 11. Bf4 Bf5 12. Nd3 Rfe8 13. Bxd6 cxd6 14. Re1 Bxd3 15. cxd3 Rxe1+ 16. Rxe1 Kf8 17. Kf2 a5 18. d4 a4 19. a3 Ra5 20. Re2 h5 21. Ke3 Ke7 22. Kd3+ Kd7 23. c4 b5 24. c5 Ra8 25. Kc3 f6 26. f4 g6 27. g3 d5 28. h3 Ra7 29. Re3 Ra8 30. Re2 Ra7 31. Re3 Ra8 32. Re2 1/2-1/2


[Site "https://www.chess.com"]

[Event "Titled Tuesday Blitz August 16 Early 2022"]
[White "Shashikant, Kutwal"]
[Black "Lauridsen, Jesper Morch"]
[WhiteFideId "5006520"]
[BlackFideId "1401890"]
[WhiteElo "2321"]
[BlackElo "2221"]
[Result "0-1"]
[Round "08"]
[TimeControl "180+2"]
[Date "2022.08.18"]
[WhiteClock "0:00:00"]
[BlackClock "0:00:00"]

1. e4 c5 2. Nf3 Nc6 3. d4 cxd4 4. Nxd4 g6 5. c4 Bg7 6. Be3 Nf6 7. Nc3 O-O 8. Be2 d6 9. O-O Bd7 10. f3 Nxd4 11. Bxd4 a5 12. b3 Bc6 13. Qd2 Nd7 14. Be3 Nc5 15. Rab1 Qb6 16. Rfc1 Rfc8 17. Rc2 h5 18. Bf1 Kh7 19. Qc1 Qd8 20. a3 Qh8 21. Nd5 Bxd5 22. exd5 a4 23. b4 Nb3 24. Qe1 Bd4 25. Kh1 Bxe3 26. Qxe3 Nd4 27. Rcc1 Nf5 28. Qf2 Qf6 29. Bd3 Nd4 30. Re1 e5 31. dxe6 Nxe6 32. Qb6 h4 33. h3 Nf4 34. Bf1 Nh5 35. Rbd1 Ng3+ 36. Kg1 Nxf1 37. Rxf1 Rxc4 38. Qxb7 Rac8 39. Qa6 Rc2 40. Qa7 Qg5 41. Rf2 Rxf2 42. Qxf2 Rc1 43. Qe2 Rxd1+ 44. Qxd1 Qe3+ 45. Kh1 Qxa3 46. Qe1 Qb3 47. Qxh4+ Kg8 48. Qd8+ Kg7 49. Qxd6 a3 50. Qd4+ Kh7 51. Qh4+ Kg7 52. Qd4+ f6 53. Qd7+ Qf7 54. Qa4 a2 55. b5 Qe6 56. Qa7+ Kh6 57. Kh2 Qe5+ 58. g3 Qe2+ 59. Kh1 Qd1+ 60. Kg2 Qc2+ 61. Kh1 Qb1+ 62. Kg2 Qb2+ 63. Kh1 a1=Q+ 0-1


[Site "https://www.chess.com"]

[Event "Titled Tuesday Blitz August 16 Early 2022"]
[White "Sirosh, Ilja"]
[Black "Tanenbaum, Zachary"]
[WhiteFideId "4500458"]
[BlackFideId "2060850"]
[WhiteElo "2255"]
[BlackElo "2175"]
[Result "0-1"]
[Round "08"]
[TimeControl "180+1"]
[Date "2022.08.16"]
[WhiteClock "0:00:17"]
[BlackClock "0:00:25"]

1. e4 e5 2. Nf3 Nc6 3. Bc4 Nf6 4. d3 Be7 5. O-O O-O 6. Re1 d6 7. a4 Be6 8. a5 a6 9. Nbd2 Qd7 10. Nf1 Rfe8 11. c3 d5 12. exd5 Bxd5 13. Bxd5 Qxd5 14. Ne3 Qd7 15. d4 exd4 16. Nxd4 Nxd4 17. Qxd4 Qxd4 18. cxd4 Bb4 19. Rd1 Rad8 20. Ra4 Bf8 21. Kf1 Nd5 22. Rc4 c6 23. Nxd5 Rxd5 24. b4 g6 25. Re1 Rxe1+ 26. Kxe1 Bg7 27. Be3 Kf8 28. Ke2 Ke7 29. Kd3 Ke6 30. f3 Bf8 31. Bd2 Rd7 32. Rc1 Kd5 33. Re1 Bg7 34. Bc3 Kd6 35. Re8 Re7 36. Rd8+ Kc7 37. Rg8 Bh6 38. Rh8 f5 39. Kc4 Rd7 40. h4 Bf4 41. g4 fxg4 42. fxg4 Rf7 43. d5 Bd6 44. dxc6 Kxc6 45. Rc8+ Kd7 46. Rh8 Ke6 47. h5 Rc7+ 48. Kd3 Rxc3+ 49. Kd2 Rc7 50. hxg6 hxg6 51. Rg8 Kf7 52. Rd8 Bxb4+ 53. Kd3 Bxa5 54. Ke4 Re7+ 55. Kf3 Bxd8 0-1


[Site "https://www.chess.com"]

[Event "Titled Tuesday Blitz August 16 Early 2022"]
[White "Skawinski, Arkadiusz"]
[Black "Harsh Suresh"]
[WhiteFideId "1126415"]
[BlackFideId "45018464"]
[WhiteElo "2149"]
[BlackElo "2070"]
[Result "1-0"]
[Round "08"]
[TimeControl "180+2"]
[Date "2022.08.18"]
[WhiteClock "0:00:00"]
[BlackClock "0:00:00"]

1. e4 c5 2. Nf3 g6 3. d4 cxd4 4. Qxd4 Nf6 5. Nc3 Nc6 6. Qa4 Ng4 7. h3 Nge5 8. Nxe5 Nxe5 9. f4 Nc6 10. Be3 Bg7 11. e5 O-O 12. O-O-O d6 13. Bc4 Bd7 14. Qa3 dxe5 15. Nd5 e6 16. Nb4 exf4 17. Nxc6 bxc6 18. Bxf4 Qf6 19. Rhf1 Rfd8 20. Bc7 Qg5+ 21. Kb1 Rab8 22. Bxb8 Rxb8 23. Rxd7 Bxb2 24. Qxb2 Rxb2+ 25. Kxb2 Qe5+ 26. Kb1 f5 27. Rfd1 Qb8+ 28. Ka1 Qe5+ 29. Kb1 Qb8+ 30. Bb3 Qe5 31. Rb7 Qf6 32. Rd6 Kf8 33. Rxe6 Qh4 34. Rxc6 Qe1+ 35. Kb2 Qe5+ 36. Ka3 Qa5+ 37. Ba4 Qd8 38. Rcc7 Qd6+ 39. Kb2 Qd4+ 40. c3 Qd2+ 41. Bc2 Qd8 42. Rxh7 Qf6 43. Rbf7+ Qxf7 44. Rxf7+ Kxf7 45. Kb3 Kf6 46. Kc4 Ke5 47. Kd3 Kf4 48. Ke2 Kg3 49. Kf1 a5 50. c4 Kf4 51. c5 Ke5 52. c6 Kd6 53. Ba4 f4 54. Kf2 Kc7 55. Kf3 g5 56. Kg4 Kb6 57. Kxg5 f3 58. gxf3 Kc5 59. c7 Kb4 60. c8=Q Ka3 61. Qb8 Kxa4 62. Qb3# 1-0


[Site "https://www.chess.com"]

[Event "Titled Tuesday Blitz August 16 Early 2022"]
[White "Skliarov, Viktor"]
[Black "Padmini, Rout"]
[WhiteFideId "14106736"]
[BlackFideId "5029295"]
[WhiteElo "2257"]
[BlackElo "2181"]
[Result "1/2-1/2"]
[Round "08"]
[TimeControl "180+2"]
[Date "2022.08.18"]
[WhiteClock "0:00:00"]
[BlackClock "0:00:00"]

1. e4 c5 2. Nf3 Nc6 3. Bb5 g6 4. O-O Bg7 5. Re1 Nf6 6. e5 Nd5 7. Nc3 Nc7 8. Bxc6 dxc6 9. Ne4 b6 10. Nf6+ Kf8 11. Ne4 h6 12. b3 Kg8 13. Bb2 Kh7 14. h3 Ne6 15. d3 Nd4 16. Nxd4 cxd4 17. f4 c5 18. a4 Bb7 19. a5 Qd5 20. Qf3 f5 21. exf6 exf6 22. f5 gxf5 23. Nd2 Qd7 24. Qf4 Bf8 25. Rf1 Rg8 26. Nf3 Bd6 27. Qh4 Qf7 28. Bc1 Qg6 29. Qf2 b5 30. a6 Bc6 31. Nh4 Qh5 32. Bf4 Qxh4 33. Bxd6 Rxg2+ 34. Qxg2 Bxg2 35. Kxg2 Rg8+ 36. Kh2 Qg5 37. Rf2 Qe3 38. Raf1 Rg5 39. Bf4 Qe6 40. Bxg5 hxg5 41. Rxf5 Kg6 42. Rxf6+ Qxf6 43. Rxf6+ Kxf6 44. Kg3 Kf5 45. Kf3 Ke5 46. Kg4 Kf6 47. Kg3 Kf5 48. Kf3 Ke5 49. Kg4 Kf6 50. Kg3 1/2-1/2


[Site "https://www.chess.com"]

[Event "Titled Tuesday Blitz August 16 Early 2022"]
[White "So, Wesley"]
[Black "Xu, Yi"]
[WhiteFideId "5202213"]
[BlackFideId "8605564"]
[WhiteElo "2763"]
[BlackElo "2471"]
[Result "1-0"]
[Round "08"]
[TimeControl "180+1"]
[Date "2022.08.16"]
[WhiteClock "0:00:07"]
[BlackClock "0:00:03"]

1. d4 Nf6 2. c4 e6 3. Nc3 Bb4 4. Bd2 O-O 5. Rc1 d5 6. Nf3 b6 7. cxd5 exd5 8. a3 Be7 9. Bf4 a6 10. e3 Bb7 11. Bd3 c5 12. O-O Nbd7 13. Ne5 Re8 14. Qf3 Nf8 15. Bf5 Ng6 16. Bg5 Nxe5 17. dxe5 Ne4 18. Nxe4 dxe4 19. Qh3 Bxg5 20. Qxh7+ Kf8 21. Rcd1 Bd5 22. e6 fxe6 23. Qh8+ Ke7 24. Qxg7+ Kd6 25. Bxe4 Qf6 26. Qb7 Reb8 27. Bxd5 Rxb7 28. Bxb7+ Kc7 29. Bxa8 Qxb2 30. a4 Qa3 31. Ra1 Qc3 32. Rfc1 Qb4 33. Bf3 Bf6 34. Rab1 Qxa4 35. Be2 b5 36. Rxc5+ Kb6 37. Rbc1 Bb2 38. Rc6+ Kb7 39. Rc7+ Kb6 40. R1c6+ Ka5 41. Ra7 Qb3 42. Raxa6+ Kb4 43. Bxb5 Bc3 44. Bf1 Qd1 45. Rab6+ Ka5 46. Rb5+ 1-0


[Site "https://www.chess.com"]

[Event "Titled Tuesday Blitz August 16 Early 2022"]
[White "Sourath Biswas"]
[Black "Leve, Nitai"]
[WhiteFideId "35091484"]
[BlackFideId "2006898"]
[WhiteElo "1777"]
[BlackElo "2144"]
[Result "1-0"]
[Round "08"]
[TimeControl "180+2"]
[Date "2022.08.18"]
[WhiteClock "0:00:00"]
[BlackClock "0:00:00"]

1. d4 d5 2. Bf4 Nf6 3. e3 Bf5 4. c4 e6 5. Nf3 Nbd7 6. Qb3 Bd6 7. Bxd6 cxd6 8. cxd5 O-O 9. Nc3 Rc8 10. dxe6 fxe6 11. Nh4 Bg4 12. h3 Bh5 13. Qxe6+ Kh8 14. Bd3 Nd5 15. Nxd5 Qxh4 16. g3 Qd8 17. Nf4 Qa5+ 18. Kf1 Bf3 19. Qxd7 Bxh1 20. Ne6 Rg8 21. h4 Bc6 22. Ng5 Rgf8 23. Qe6 Qd5 24. Nf7+ Rxf7 25. Qxc8+ 1-0


[Site "https://www.chess.com"]

[Event "Titled Tuesday Blitz August 16 Early 2022"]
[White "Sovetbekova, Nurai"]
[Black "Vysochin, Spartak"]
[WhiteFideId "13801910"]
[BlackFideId "14103516"]
[WhiteElo "1646"]
[BlackElo "2355"]
[Result "1-0"]
[Round "08"]
[TimeControl "180+2"]
[Date "2022.08.18"]
[WhiteClock "0:00:00"]
[BlackClock "0:00:00"]

1. d4 d5 2. c4 e6 3. Nf3 Nf6 4. g3 Be7 5. Bg2 O-O 6. O-O b6 7. cxd5 Nxd5 8. Nc3 Bb7 9. e4 Nxc3 10. bxc3 Bxe4 11. Qe2 Bb7 12. Rd1 Nd7 13. Qc2 h6 14. Ng5 Bxg5 15. Bxb7 Bxc1 16. Bxa8 Qxa8 17. Raxc1 Qd5 18. c4 Qf3 19. c5 Nf6 20. cxb6 cxb6 21. Rd3 Qh5 22. Kg2 Qd5+ 23. Kg1 Rd8 24. Qa4 a5 25. Rc7 Qe4 26. Qc2 Nd5 27. Rc4 Nb4 28. Rxb4 axb4 29. Qb3 Rxd4 30. Rxd4 Qxd4 31. Qa4 Qc5 32. Qe8+ Kh7 33. Qxf7 Qd5 34. Qe7 Qxa2 35. Qxb4 Qa1+ 36. Kg2 Qa8+ 37. Kg1 Qc6 38. Qd4 b5 39. Qd3+ g6 40. h4 Qd5 41. Qa3 Qd1+ 42. Kg2 Qd5+ 43. Kg1 Qd1+ 44. Kh2 Qd7 45. Qb3 e5 46. Qb1 Kg8 47. Qxg6+ Qg7 48. Qe8+ Kh7 49. Qxb5 Qf6 50. Qd3+ Kg7 51. Kg2 Qc6+ 52. Qf3 Qe6 53. Qe4 Qf6 54. Qb7+ Kg6 55. Qf3 Qe6 56. Qe4+ Kg7 57. Qb7+ Kg6 58. Qe4+ Kg7 59. g4 Qf6 60. Qf5 Qxh4 61. Qxe5+ Kh7 62. Qf5+ Kg7 63. f3 Qe1 64. Qd7+ Kg6 65. Qd6+ Kg7 66. Qd4+ Kg6 67. Qe4+ Qxe4 68. fxe4 Kf6 69. Kf3 Ke5 70. Ke3 Kf6 71. Kf4 Ke6 72. e5 Kf7 73. Kf5 Ke7 74. Kg6 Ke6 75. Kxh6 Kxe5 76. g5 Ke6 77. g6 Kf6 78. Kh7 Ke7 79. g7 Kf7 80. g8=Q+ Kf6 81. Qg6+ Ke5 82. Kg7 Kd4 83. Qf5 Kc3 84. Kf6 Kc4 85. Qe5 Kd3 86. Qf4 Kc3 87. Ke5 1-0


[Site "https://www.chess.com"]

[Event "Titled Tuesday Blitz August 16 Early 2022"]
[White "Suder, Jakub"]
[Black "Acosta Cruz, Oscar Yosimar"]
[WhiteFideId "1195310"]
[BlackFideId "5111269"]
[WhiteElo "2095"]
[BlackElo "2147"]
[Result "1-0"]
[Round "08"]
[TimeControl "180+2"]
[Date "2022.08.18"]
[WhiteClock "0:00:00"]
[BlackClock "0:00:00"]

1. d4 Nf6 2. c4 c6 3. Nc3 d5 4. Nf3 a6 5. Qc2 b5 6. e4 dxc4 7. e5 Nd5 8. Be2 e6 9. O-O Bb7 10. Ne4 Nd7 11. Nfg5 Be7 12. f4 h6 13. Nxe6 fxe6 14. Bh5+ Kf8 15. f5 N7f6 16. fxe6 Bc8 17. exf6 Nxf6 18. Be3 Bxe6 19. Nc5 Bd5 20. Rae1 Kg8 21. Bg6 Bd6 22. Bf4 Bxf4 23. Rxf4 Qd6 24. Qf5 Rf8 25. g3 h5 26. Ne6 h4 27. Nxf8 hxg3 28. h4 Qxf8 29. Re8 Nxe8 30. Qxf8# 1-0


[Site "https://www.chess.com"]

[Event "Titled Tuesday Blitz August 16 Early 2022"]
[White "Sultana, Sharmin Shirin"]
[Black "Matveeva, Olga"]
[WhiteFideId "10204482"]
[BlackFideId "24107018"]
[WhiteElo "1987"]
[BlackElo "2052"]
[Result "0-1"]
[Round "08"]
[TimeControl "180+2"]
[Date "2022.08.18"]
[WhiteClock "0:00:00"]
[BlackClock "0:00:00"]

1. d4 Nf6 2. c4 e6 3. Nc3 Bb4 4. e3 O-O 5. Bd3 c5 6. Ne2 cxd4 7. exd4 d5 8. cxd5 Nxd5 9. Qc2 h6 10. O-O Nc6 11. Ne4 Bd7 12. a3 Be7 13. Be3 Rc8 14. Qd2 Nxe3 15. fxe3 e5 16. d5 Na5 17. d6 Bg5 18. Nxg5 Qxg5 19. Rad1 Nc4 20. Bxc4 Rxc4 21. Ng3 Rfc8 22. Rc1 h5 23. Rxc4 Rxc4 24. Qd5 Be6 25. Qxb7 h4 26. Qb8+ Kh7 27. d7 Bxd7 28. Qb3 Be6 29. Qd3+ g6 30. Ne4 Qe7 31. Nf6+ Kg7 32. Qe2 Rc6 33. Qb5 Rc5 34. Qb8 Bf5 0-1


[Site "https://www.chess.com"]